 Dungeon Crawl Stone Soup version 0.30-a0-137-gd8773701ce (webtiles) character file.

Game seed: 6362224594027941618

101 valliere the Slasher (level 4, -1/60 HPs)
             Began as a Draconian Berserker on Sept 21, 2022.
             Was a Believer of Trog.
             Slain by Terence
             ... wielding a +0 mace
              (4 damage)
             ... on level 3 of the Dungeon.
             The game lasted 00:03:41 (2586 turns).

valliere the Slasher (Draconian Berserker)          Turns: 2586, Time: 00:03:41

Health: -1/60      AC:  5    Str: 20    XL:     4   Next: 48%
Magic:  4/4        EV: 12    Int:  7    God:    Trog [**....]
Gold:   153        SH:  0    Dex: 12    Spells: 3/3 levels left

rFire   . . .      SeeInvis .    a - +0 falchion
rCold   . . .      Faith    .    (no shield)
rNeg    . . .      Spirit   .    (body armour unavailable)
rPois   .          Reflect  .    (helmet restricted)
rElec   .          Harm     .    (no cloak)
rCorr   .          Rampage  .    (no gloves)
Will    .....                    (no boots)
Stlth   ..........               (no amulet)
HPRegen 0.20/turn                (no ring)
MPRegen 0.09/turn                (no ring)

@: berserking, very quick
A: AC +5, unfitting armour, cold-blooded
a: Renounce Religion, Berserk, Trog's Hand


You were on level 3 of the Dungeon.
You worshipped Trog.
Trog was pleased with you.
You visited 1 branch of the dungeon, and saw 3 of its levels.

You collected 153 gold pieces.

Inventory:

Hand Weapons
 a - a +0 falchion (weapon)
Missiles
 e - 8 stones (quivered)
 l - 3 atropa-tipped darts
 s - 6 boomerangs
Jewellery
 i - a +6 ring of intelligence
 j - a ring of protection from fire
Scrolls
 f - a scroll of enchant weapon {unknown}
 k - 5 scrolls of identify {unknown}
 n - a scroll of enchant armour {unknown}
 o - a scroll of magic mapping {unknown}
 p - a scroll of noise {unknown}
 q - 4 scrolls of fog {unknown}
Potions
 b - a potion of lignification {unknown}
 c - a potion of might {unknown}
 d - 2 potions of degeneration {unknown}
 g - 3 potions of curing {unknown}
 h - a potion of cancellation {unknown}
 m - a potion of resistance {unknown}
 r - a potion of ambrosia {unknown}


   Skills:
 + Level 4.1 Fighting
 * Level 4.3 Long Blades
 + Level 3.3 Dodging


You had 3 spell levels left.
You didn't know any spells.
Your spell library was empty.

Dungeon Overview and Level Annotations

Branches:
Dungeon (3/15)

Altars:

Annotations:
D:3 Terence


Innate Abilities, Weirdness & Mutations

Your plain brown scales are hard. (AC +5)
You cannot fit into any form of body armour.
You are cold-blooded and may be slowed by cold attacks.


Message History

You closely miss the orc. The orc hits you with a +0 flail.
You slash the orc!
You kill the orc!
Trog accepts your kill.
You closely miss Terence. You tail-slap Terence.
Terence is moderately wounded.
Terence hits you with a +0 mace!
You hit Terence but do no damage.
Terence is moderately wounded.
Terence barely misses you.
You hit Terence.
Terence is heavily wounded.
Terence hits you with a +0 mace!
You barely miss Terence. You tail-slap Terence.
Terence is heavily wounded.
Terence hits you with a +0 mace.
You barely miss Terence.
Terence is heavily wounded.
Terence hits you with a +0 mace.
You hit Terence but do no damage.
Your tail-slap misses Terence.
Terence is heavily wounded.
Terence says, "Did you write a will?
You should..."
Terence hits you with a +0 mace.
A red film seems to cover your vision as you go berserk!
You feel yourself moving faster!
You feel mighty! Terence hits you with a +0 mace.
* * * LOW HITPOINT WARNING * * *
You closely miss Terence.
Terence is heavily wounded.
Terence screams, "I want your blood!" Terence hits you with a +0 mace!
* * * LOW HITPOINT WARNING * * *
You hit Terence.
Your tail-slap misses Terence.
Terence is severely wounded.
Terence hits you with a +0 mace!
* * * LOW HITPOINT WARNING * * *
You hit Terence.
Terence is almost dead.
Terence hits you with a +0 mace.
You die...

#....#...#.....รท##
#..#...#...##...<#
#.###.###...######## #..
###...#.# #..#
#.###.###..#.####...
#..#...#..###.......
####.......## #......
#####...#.##...## ##.....
........#@####..####o.#..#
#...#@####...##....###
#...............#.## #
#.................#
##.#..>##.########.###
#.......#.# #...#
##.#....#.# #...#
#.#.##.#.# #...### #
#......#######.....#


You could see Terence.

Vanquished Creatures
  Jessica (D:3)
  3 adders (D:2)
  A dart slug (D:1)
  2 orcs (D:3)
  5 ball pythons
  3 bats
  2 endoplasms
  4 giant cockroaches
  7 goblins
  A hobgoblin (D:1)
  3 jackals (D:3)
  A frilled lizard (D:2)
  5 kobolds
  4 rats
42 creatures vanquished.

Vanquished Creatures (others)
  16 plants (D:3)
16 creatures vanquished.

Grand Total: 58 creatures vanquished

Notes
Turn   | Place    | Note
-------+----------+-------------------------------------------
     0 | D:1      | valliere the Draconian Berserker began the quest for the
                  | Orb.
     0 | D:1      | Reached XP level 1. HP: 19/19 MP: 1/1
   198 | D:1      | Reached XP level 2. HP: 24/26 MP: 2/2
  1016 | D:2      | Reached XP level 3. HP: 14/33 MP: 3/3
  1561 | D:2      | Reached ** piety under Trog
  2138 | D:3      | Reached XP level 4. HP: 39/40 MP: 4/4
  2186 | D:3      | Noticed Jessica
  2193 | D:3      | Killed Jessica
  2551 | D:3      | Noticed Terence
  2585 | D:3      | HP: 3/60 [Terence/+0 mace (8)]
  2586 | D:3      | Slain by Terence

Illustrated notes

Levels and vault maps discovered:
D:1:      minmay_arrival_diagonal_passages, layout_loops_ring,
          minmay_pentomino_v2
D:2:      layout_basic
D:3:      wad_lake_hut, layout_loops_cross, ebering_ghost_sewer_d,
          hellmonk_ecumenical_altar_heavens_door, minmay_between, uniq_jessica,
          uniq_terence

Skill      XL: |  1  2  3  4 |
---------------+-------------+-----
Dodging        | 3 |  3.3
Long Blades    | 4 |  4.3
Fighting       | 4 |  4.1

Action                   |  1- 3 |  4- 6 || total
-------------------------+-------+-------++-------
Melee: Falchion          |   126 |    35 ||   161
       Tailslap          |    12 |     5 ||    17
Invok: Berserk           |       |     1 ||     1
Armor: Skin              |    43 |     8 ||    51
Dodge: Dodged            |   105 |    22 ||   127

Table legend: (Time is in decaauts)
 A = Elapsed time spent in this place.
 B = Non-inter-level travel time spent in this place.
 C = Inter-level travel time spent in this place.
 D = Time resting spent in this place.
 E = Time spent auto-exploring this place.
 F = Levels seen in this place.
 G = Mean time per level.
                   A        B        C        D        E       F      G
               +--------+--------+--------+--------+--------+-----+--------+
         Total |   2604 |   2555 |     49 |      0 |   2187 |   3 |  868.0 |
       Dungeon |   2604 |   2555 |     49 |      0 |   2187 |   3 |  868.0 |
               +--------+--------+--------+--------+--------+-----+--------+

Top non-repeatable levels by time:
     D:1: 960 daAuts
     D:3: 884 daAuts
     D:2: 760 daAuts
